 Dungeon Crawl Stone Soup version 0.31.0-12-g77e489cdc1 (webtiles) character file.

Game seed: 5371181178386692600

3893 Gadfly the Combatant (level 10, -1/144 (150) HPs)
             Began as an Oni Gladiator on Feb 15, 2024.
             Was a Follower of Okawaru.
             Succumbed to a hornet's poison
             ... on level 8 of the Dungeon.
             The game lasted 00:15:55 (8062 turns).

Gadfly the Combatant (Oni Gladiator)                Turns: 8062, Time: 00:15:55

HP:   -1/144 (150)  AC: 18    Str: 26    XL:     10   Next: 19%
MP:   15/15         EV: 10    Int:  9    God:    Okawaru [*.....]
Gold: 501           SH:  0    Dex: 10    Spells: 4/9 levels left

rFire   + . .        a - +0 flail (protect)
rCold   . . .        (no shield)
rNeg    + + .        f - +1 robe {rF+}
rPois   .            c - +1 hat
rElec   .            s - +1 cloak of Somewhere Else {rN+ rCorr Str+2}
rCorr   +            (gloves unavailable)
SInv    .            (boots unavailable)
Will    +....        (no amulet) Stlth
                     h - +4 ring of protection
HPRegen 0.44/turn    p - ring of positive energy
MPRegen 0.14/turn

%: no passive effects
@: berserking, lethally poisoned (-1 -> -5), under a protective aura, slowed,
lightly drained
A: large, unfitting armour, horns 1, tough skin 1, double potion healing,
drunken brawling
a: Renounce Religion, Heroism


You were on level 8 of the Dungeon.
You worshipped Okawaru.
Okawaru was aware of your devotion.
You visited 2 branches of the dungeon, and saw 9 of its levels.

You collected 1345 gold pieces.
You spent 844 gold pieces at shops.

Inventory:

Hand Weapons
 a - a +0 flail of protection (weapon)
 b - a +6 spear of freezing
 u - a +0 giant club
 A - a +3 falchion
 B - a +0 dire flail
Missiles
 d - 5 throwing nets
 e - a large rock
 k - 16 poisoned darts
 l - 2 boomerangs (quivered)
Armour
 c - a +1 hat (worn)
 f - a +1 robe of fire resistance (worn)
 s - the +1 cloak of Somewhere Else (worn) {rN+ rCorr Str+2}
   (You acquired it on level 6 of the Dungeon)

   Str+2:     It affects your strength (+2).
   rN+:       It protects you from negative energy.
   rCorr:     It protects you from acid and corrosion.
Jewellery
 h - a +4 ring of protection (left hand)
 p - a ring of positive energy (right hand)
Wands
 q - a wand of digging (5)
Scrolls
 n - a scroll of blinking
 o - a scroll of teleportation
 t - 3 scrolls of enchant armour
 w - a scroll of fear
 x - a scroll of identify
 y - a scroll of fog
Potions
 g - a potion of enlightenment
 i - a potion of berserk rage
 j - 2 potions of haste
 r - a potion of curing
 v - a potion of mutation
 z - a potion of resistance


   Skills:
 + Level 6.8 Fighting
 * Level 7.2 Maces & Flails
 * Level 7.1 Throwing
 * Level 6.7 Armour
 - Level 2.8 Dodging
 - Level 7.2 Invocations


You had 4 spell levels left.
You knew the following spells:

 Your Spells              Type           Power      Damage    Failure   Level
a - Blink                 Tloc           0%         N/A       52%         2
b - Ozocubu's Armour      Ice            0%         N/A       77%         3

Your spell library contained the following spells:

 Spells                   Type           Power      Damage    Failure   Level
 Freeze                   Ice            0%         1d3       38%         1
 Lesser Beckoning         Tloc           0%         N/A       52%         2
 Momentum Strike          Conj/Tloc      0%         3d8       52%         2
 Frozen Ramparts          Ice            0%         1d1       77%         3
 Hailstorm                Conj/Ice       0%         3d5       77%         3
 Dimensional Bullseye     Hex/Tloc       0%         N/A       99%         4
 Iskenderun's Mystic Bla  Conj/Tloc      0%         2d3       99%         4
 Metabolic Englaciation   Hex/Ice        0%         N/A       100%        5
 Tukima's Dance           Hex            Unusable   N/A       N/A         3
 Sculpt Simulacrum        Ice/Alch       Unusable   N/A       N/A         6

Dungeon Overview and Level Annotations

Branches:
Dungeon (8/15)             Temple (1/1) D:6
   Lair: D:8-11

Altars:
Cheibriados
Fedhas
Gozag
Hepliaklqana
Kikubaaqudgha
Makhleb
Nemelex Xobeh
Okawaru
Ru
Sif Muna
Trog
Uskayaw
Xom
The Shining One

Shops:
D:6 ?*?


Innate Abilities, Weirdness & Mutations

You are too large for most types of armour.
You have a pair of small horns on your head.
You have tough skin. (AC +1)
You gain doubled healing and magic from potions.
Whenever you drink a healing potion, you attack all around you.


Message History

You savour every drop.
You feel better.
The hornet stings you but does no damage.
The wight hits you with a +0 scimitar!
* * * LOW HITPOINT WARNING * * *
The hornet stings you but does no damage.
A red film seems to cover your vision as you go berserk!
You feel yourself moving faster!
You feel mighty!
The hornet stings you but does no damage.
The wight barely misses you. The hornet stings you.
* * * LOW HITPOINT WARNING * * *
You are poisoned.
You feel as though you will be slow longer.
The wight closely misses you.
You hit the hornet. Your headbutt misses the hornet.
The hornet is moderately wounded.
You feel very sick. The hornet stings you!
* * * LOW HITPOINT WARNING * * *
You feel as though you will be slow longer.
The hornet stings you.
* * * LOW HITPOINT WARNING * * *
You feel as though you will be slow longer.
The wight hits you with a +0 scimitar.
* * * LOW HITPOINT WARNING * * *
You thump the wight!
You destroy the wight!
Okawaru accepts your kill.
* * * LOW HITPOINT WARNING * * *
You feel sick. The hornet barely misses you.
* * * LOW HITPOINT WARNING * * *
You feel sick.
The hornet stings you but does no damage.
The hornet stings you.
* * * LOW HITPOINT WARNING * * *
You feel as though you will be slow longer.
Things that are here:
a +0 scimitar; a +0 robe You sock the hornet!
The hornet is heavily wounded.
You die...

##### ##...##
#.####.<...#
#......>...#
#.####.....# ###
#......####...##
#.###.###)......
#.# #y@†.....#
#.# #.####.#..#
#.# #.# .# #.#
#.# .# ... ...
.# ... ... .(
...##.# . #..


You could see a hornet.

Vanquished Creatures
  Grinder (D:3)
  4 yaks (D:6)
  Eustachio (D:6)
  A steam dragon (D:8)
  3 water moccasins
  2 sky beasts
  4 ogres
  A centaur (D:7)
  A phantom (D:5)
  A kobold brigand (D:6)
  A bullfrog (D:7)
  5 scorpions
  7 wights
  3 vampire bats (D:5)
  3 howler monkeys (D:7)
  3 bombardier beetles
  2 jellies (D:5)
  3 hounds
  4 orc priests
  A gnoll bouda (D:5)
  A sleepcap (D:5)
  Natasha (D:4)
  3 orc wizards
  Ijyb (D:5)
  Robin (D:3)
  8 gnolls
  7 adders
  6 river rats (D:5)
  A shadow imp (D:7)
  2 ufetubi (D:5)
  A dart slug (D:3)
  A ribbon worm (D:4)
  8 orcs
  A bat (D:1)
  3 bat skeletons (D:5)
  3 bat zombies (D:5)
  6 endoplasms
  15 goblins
  7 hobgoblins
  9 quokkas
  3 ball pythons
  8 kobolds
  21 rats
168 creatures vanquished.

Notes
Turn   | Place    | Note
-------+----------+-------------------------------------------
     0 | D:1      | Gadfly the Oni Gladiator began the quest for the Orb.
     0 | D:1      | Reached XP level 1. HP: 22/22 MP: 1/1
   153 | D:1      | Found a faded altar of an unknown god.
   220 | D:1      | Reached XP level 2. HP: 27/29 MP: 2/2
   713 | D:1      | Identified a scroll of acquirement
   713 | D:1      | Acquired 918 gold pieces
   846 | D:2      | Reached skill level 1 in Invocations
   849 | D:2      | Reached skill level 1 in Armour
   849 | D:2      | Reached XP level 3. HP: 8/37 MP: 3/3
   855 | D:2      | HP: 2/55 [adder (2)]
  1023 | D:2      | Reached XP level 4. HP: 39/45 MP: 5/5
  1247 | D:2      | Found a hide-covered altar of Uskayaw.
  1854 | D:3      | Reached XP level 5. HP: 25/54 MP: 6/6
  2000 | D:3      | Found a snail-covered altar of Cheibriados.
  2033 | D:3      | Noticed Grinder
  2040 | D:3      | Paralysed by Grinder for 5 turns
  2054 | D:3      | Paralysed by Grinder for 3 turns
  2063 | D:3      | Paralysed by Grinder for 4 turns
  2076 | D:3      | Killed Grinder
  2077 | D:3      | Reached XP level 6. HP: 19/63 MP: 6/8
  2247 | D:3      | Identified the +9 sling "Leze" {flame, *Corrode rElec MP+9
                  | Str+7}
  2266 | D:3      | Noticed Robin
  2279 | D:3      | Killed Robin
  2706 | D:4      | Reached XP level 7. HP: 53/71 MP: 9/9
  2844 | D:4      | Reached skill level 5 in Fighting
  3052 | D:4      | Noticed Natasha
  3064 | D:4      | Killed Natasha
  3403 | D:5      | Entered Level 5 of the Dungeon
  3933 | D:5      | Reached XP level 8. HP: 26/81 MP: 11/11
  4165 | D:5      | Reached skill level 5 in Throwing
  4875 | D:5      | Noticed Ijyb
  4887 | D:5      | Killed Ijyb
  4938 | D:5      | Found an ancient bone altar of Kikubaaqudgha.
  5175 | D:6      | Found Weno's Magic Scroll Shop.
  5186 | D:6      | Found Xorescher's General Store.
  5187 | D:6      | Bought a scroll of blinking for 90 gold pieces
  5187 | D:6      | Bought a scroll of identify for 24 gold pieces
  5219 | D:6      | Noticed a yak
  5241 | D:6      | Killed a yak
  5242 | D:6      | Reached skill level 5 in Maces & Flails
  5245 | D:6      | Noticed a yak
  5246 | D:6      | Noticed a yak
  5246 | D:6      | Noticed a yak
  5267 | D:6      | Found Zonock's Magic Scroll Boutique.
  5286 | D:6      | Killed a yak
  5287 | D:6      | Reached skill level 5 in Armour
  5287 | D:6      | Reached skill level 5 in Invocations
  5287 | D:6      | Reached XP level 9. HP: 23/88 MP: 12/12
  5537 | D:6      | Bought a potion of enlightenment for 70 gold pieces
  5545 | D:6      | Bought a scroll of acquirement for 572 gold pieces
  5545 | D:6      | Bought a scroll of fear for 44 gold pieces
  5886 | D:6      | Found a sparkling altar of Nemelex Xobeh.
  6063 | D:6      | Found a staircase to the Ecumenical Temple.
  6271 | Temple   | Entered the Ecumenical Temple
  6313 | Temple   | Became a worshipper of Warmaster Okawaru
  6602 | D:6      | Noticed Eustachio
  6876 | D:6      | Killed Eustachio
  6962 | D:6      | Bought a scroll of fog for 44 gold pieces
  6966 | D:6      | Acquired the +1 cloak of Somewhere Else {rN+ rCorr Str+2}
  7243 | D:7      | Reached * piety under Okawaru
  7306 | D:7      | Reached XP level 10. HP: 100/100 MP: 15/15
  7998 | D:7      | Learned a level 2 spell: Blink
  8002 | D:7      | Learned a level 3 spell: Ozocubu's Armour
  8050 | D:8      | Paralysed by a hornet for 1 turns
  8053 | D:8      | Paralysed by a hornet for 2 turns
  8054 | D:8      | HP: 2/97 [wight/+0 scimitar (12)]
  8059 | D:8      | HP: 7/144 [wight/+0 scimitar (5)]
  8061 | D:8      | HP: 1/144 [hornet (4)]
  8062 | D:8      | Succumbed to a hornet's poison

Illustrated notes

Levels and vault maps discovered:
D:1:      heliophobic_arrival_enchanted_forest, layout_loops_ring,
          shapermc_ecumenical_altar_totnotflames
D:2:      layout_loops_ring, basic_altar, uniq_sigmund
D:3:      layout_basic, nicolae_overflow_crystal_walls, uniq_robin, uniq_grinder
D:4:      layout_rooms, uniq_natasha
D:5:      lemuel_ratsnest, layout_basic, kennysheep_vampire_church, uniq_ijyb
D:6:      layout_rooms, nemelex_diamond_rough_becter,
          minmay_temple_entry_poolview, serial_shops, shop_fountains,
          shop_statue, shop, roderic_roman_lattice, hangedman_decor_growths,
          serial_library_hellmonk_angled_corner, roderic_serpentine_path,
          kennysheep_generic_room_11, uniq_eustachio
D:7:      layout_loops_ring, minmay_statues_item
D:8:      layout_loops_ring, kennysheep_doodads, minmay_misc_feat_diagonals,
          kennysheep_small_spiral, dk_noncrumbling_4
Temple:   cyrus_temple_forest

Skill      XL: |  1  2  3  4  5  6  7  8  9 10 |
---------------+-------------------------------+-----
Fighting       | 3 4 5 6 |  6.8
Invocations    | 1 2 3 4 5 7 |  7.2
Armour         | 1 2 3 4 5 6 |  6.7
Maces & Flails | 4 5 6 7 |  7.2
Throwing       | 3 6 7 |  7.1
Dodging        | |  2.8

Action                     |  1- 3 |  4- 6 |  7- 9 | 10-12 || total
---------------------------+-------+-------+-------+-------++-------
  Melee: Flail             |    50 |    99 |   528 |    81 ||   758
         Headbutt          |    12 |    18 |    92 |    18 ||   140
         Punch             |       |     1 |     6 |     3 ||    10
         Club              |       |       |       |     7 ||     7
  Throw: Dart              |       |     4 |       |       ||     4
         Boomerang         |       |     2 |     4 |       ||     6
    Use: Scroll            |     3 |     7 |     8 |       ||    18
         Potion            |     1 |       |     4 |     3 ||     8
   Stab: Sleeping          |       |       |     1 |       ||     1
 Armour: Robe              |    34 |    59 |   428 |    90 ||   611
         Animal skin       |       |    18 |   142 |       ||   160
         Skin              |       |       |    18 |       ||    18
  Dodge: Dodged            |    31 |    43 |   421 |    50 ||   545
